 Dungeon Crawl Stone Soup version 0.26-a0-18-g135ff06667 (webtiles) character file.

Game seed: 3260222849726532048, levelgen mode: deterministic

13518 DerDa the Frost Mage (level 12, 0/87 HPs)
             Began as a Merfolk Ice Elementalist on May 25, 2020.
             Was a High Priest of Sif Muna.
             Shot with an arrow by a centaur (12 damage)
             ... on level 11 of the Dungeon.
             The game lasted 00:36:29 (14884 turns).

DerDa the Frost Mage (Merfolk Ice Elementalist)    Turns: 14884, Time: 00:36:30

Health: 0/87       AC:  7    Str:  8    XL:     12   Next: 6%
Magic:  22/24      EV: 20    Int: 18    God:    Sif Muna [*****.]
Gold:   516        SH:  0    Dex: 22    Spells: 13/28 levels left

rFire    x . .     SeeInvis .   E - +2 demon trident (vamp)
rCold    + . .     Gourm    .   (no shield)
rNeg     . . .     Faith    .   B - +2 robe of the Tortoise {rElec}
rPois    .         Spirit   .   H - +0 helmet
rElec    +         Reflect  .   b - +0 cloak
rCorr    .         Harm     .   (no gloves)
MR       .....                  k - +0 pair of boots
Stlth    ++........             (no amulet)
HPRegen  0.24/turn              R - +6 ring of dexterity
MPRegen  0.19/turn              z - ring of ice

@: marked, frozen ramparts, very slightly contaminated
A: change form in water, swift swim, stealthy swim
a: Channel Magic, Forget Spell, Divine Exegesis, Renounce Religion


You were on level 11 of the Dungeon.
You worshipped Sif Muna.
Sif Muna was extremely pleased with you.
You were hungry.

You visited 2 branches of the dungeon, and saw 12 of its levels.

You collected 600 gold pieces.
You spent 84 gold pieces at shops.

Inventory:

Hand Weapons
 E - a +2 vampiric demon trident (weapon)
Missiles
 u - 32 poisoned darts (quivered)
Armour
 b - a +0 cloak (worn)
 k - a +0 pair of boots (worn)
 B - the +2 robe of the Tortoise (worn) {rElec}
   (You found it on level 6 of the Dungeon)

   It insulates you from electricity.
 H - a +0 helmet (worn)
 L - +0 acid dragon scales
Magical Staves
 Q - an uncursed staff of energy
Jewellery
 l - an uncursed ring of protection from fire
 s - an uncursed ring of see invisible {unknown}
 v - an uncursed ring of positive energy
 z - a ring of ice (right hand)
 J - an uncursed ring of fire
 R - a +6 ring of dexterity (left hand)
Wands
 w - a wand of acid (8)
 y - a wand of iceblast (11)
 A - a wand of flame (39)
Scrolls
 d - a scroll of immolation
 f - 3 scrolls of amnesia
 g - 2 scrolls of blinking
 h - 7 scrolls of remove curse
 j - 2 scrolls of fog
 o - a scroll of identify
 C - 3 scrolls of teleportation
 D - 2 scrolls of magic mapping
 G - a scroll of enchant weapon
 M - a scroll of brand weapon
Potions
 e - 5 potions of curing
 i - a potion of flight
 n - a potion of magic
 p - a potion of mutation
 q - a potion of resistance
 r - 2 potions of brilliance
 x - a potion of invisibility
 F - 2 potions of cancellation
 I - a potion of heal wounds
Miscellaneous
 a - a phial of floods
Comestibles
 c - 15 rations


   Skills:
 + Level 5.7 Fighting
 + Level 7.3 Polearms
 + Level 9.0 Dodging
 - Level 2.1 Stealth
 * Level 8.8 Spellcasting
 * Level 6.8 Conjurations
 * Level 11.0 Ice Magic
 + Level 5.6 Invocations


You had 13 spell levels left.
You knew the following spells:

 Your Spells              Type           Power        Failure   Level  Hunger
a - Freeze                Ice            ####         1%          1    None
b - Frozen Ramparts       Ice            ######       1%          3    None
c - Ozocubu's Armour      Chrm/Ice       #####...     2%          3    None
d - Hailstorm             Conj/Ice       ######..     2%          4    ###....
e - Summon Ice Beast      Ice/Summ       #####...     10%         4    ###....

Your spell library contained the following spells:

 Spells                   Type           Power        Failure   Level  Hunger
 Foxfire                  Conj/Fire      ###.         2%          1    None
 Conjure Flame            Conj/Fire      ###.....     7%          3    None
 Stone Arrow              Conj/Erth      ###...       7%          3    None
 Animate Skeleton         Necr           N/A          9%          1    None
 Apportation              Tloc           #.....       9%          1    None
 Corona                   Hex            #......      9%          1    None
 Summon Small Mammal      Summ           #...         9%          1    None
 Corpse Rot               Necr/Air       N/A          14%         2    None
 Sticky Flame             Conj/Fire      ###.....     22%         4    ###....
 Inner Flame              Hex/Fire       #.......     26%         3    None
 Fireball                 Conj/Fire      ###.......   52%         5    #####..
 Summon Forest            Summ/Tloc      #.........   94%         5    #####..
 Eringya's Noxious Bog    Tmut/Pois      #.........   100%        6    ######.
 Hydra Form               Tmut           #.........   100%        6    ######.
 Summon Hydra             Summ           #.........   100%        7    #######


Dungeon Overview and Level Annotations

Branches:
Dungeon (11/15)            Temple (1/1) D:6             Orc (0/2) D:9
   Lair: D:8-11

Altars:
Ashenzari
Cheibriados
Dithmenos
Elyvilon
Fedhas
Gozag
Hepliaklqana
Kikubaaqudgha
Makhleb
Nemelex Xobeh
Okawaru
Qazlal
Ru
Sif Muna
Trog
Uskayaw
Vehumet
Wu Jian
Xom
Yredelemnul
Zin
The Shining One

Shops:
D:5 *


Message History

The two-headed ogre hits you with a +0 giant spiked club!!
* * * LOW HITPOINT WARNING * * *
The two-headed ogre hits you with a +0 dire flail!
* * * LOW HITPOINT WARNING * * *
The basilisk gazes at you. You resist with some effort.
The quasit resists.
The wall freezes the quasit.
The wall freezes the crocodile.
The crocodile bites you.
* * * LOW HITPOINT WARNING * * *
The wall freezes the big kobold!
You kill the big kobold!
Sif Muna accepts your kill.
You turn to flesh and can move again.
Blink to where?
Press: ? - help, Dir - move target cursor You are very lightly contaminated with residual magic.
As you read the scroll of blinking, it crumbles to dust.
The wall freezes the centaur.
The centaur wields a +2 shortbow of flaming.
It bursts into flame!
The centaur shoots an arrow.
The arrow hits you!
You die...

#(...##...)........... ..
#.........[...........
...#.....................
...#..........S..........
...'....##...#######....#
..##....#######.####....#
#..).##...............
#....#................
#(..)@)..)............
+..).#...............
#..))##[).##..###...#
##....##...###'###...#
#..........5KY4KYY. .'
#........5.cYl.4.K. #
#...!....5OlK†55...
##....##..t§c######
##########Y##


You could see a two-headed ogre, 2 kobold demonologists, a yak, a basilisk, a
crocodile, a wyvern, 2 centaurs, an iron imp (summoned) and a crimson imp
(summoned).

Vanquished Creatures
  A two-headed ogre (D:10)
  A tengu warrior (D:8)
  An unseen horror (D:11)
  An ugly thing (D:8)
  Joseph (D:8)
  A gargoyle (D:11)
  Maggie (D:7)
  A troll (D:11)
  3 hippogriffs
  A wraith (D:10)
  A spriggan (D:7)
  16 yaks
  2 porcupines (D:11)
  5 ice beasts
  4 sky beasts
  A hornet zombie (D:9)
  A black bear (D:9)
  A necrophage (D:10)
  10 orc warriors
  2 ogres
  A phantom (D:6)
  5 centaurs
  4 big kobolds
  13 bullfrogs
  A gnoll sergeant (D:10)
  3 scorpions
  3 wyvern skeletons
  3 electric eels (D:9)
  3 nameless horrors
  4 howler monkeys
  5 crimson imps
  3 centaur zombies
  A quasit (D:8)
  3 jellies
  3 bullfrog skeletons
  A gnoll shaman (D:8)
  5 hounds
  11 orc priests
  13 orc wizards
  4 iguanas
  14 worker ants
  A worker ant zombie (D:5)
  16 gnolls
  15 adders
  4 shadow imps
  An adder skeleton (D:5)
  3 adder zombies
  3 dart slugs
  7 leopard geckos
  43 orcs
  2 bats
  6 giant cockroaches
  10 hobgoblins
  5 jackals
  5 quokkas
  A ball python (D:4)
  4 frilled lizards
  A giant cockroach zombie (D:5)
  7 goblins
  A jackal skeleton (D:5)
  9 kobolds
  A leopard gecko skeleton (D:9)
  3 quokka zombies
  5 rats
311 creatures vanquished.

Vanquished Creatures (collateral kills)
  The ghost of ohados the Transmogrifier, a novice OpTm of Okawaru (D:8)
  A hungry ghost (D:10)
  A leopard gecko (D:10)
3 creatures vanquished.

Vanquished Creatures (others)
  An orc (D:7)
  5 bushes (D:11)
  6 fungi (D:11)
  13 plants
25 creatures vanquished.

Grand Total: 339 creatures vanquished

Notes
Turn   | Place    | Note
-------+----------+-------------------------------------------
     0 | D:1      | DerDa the Merfolk Ice Elementalist began the quest for the
                  | Orb.
     0 | D:1      | Reached XP level 1. HP: 13/13 MP: 3/3
   376 | D:1      | Reached XP level 2. HP: 19/19 MP: 1/5
  1321 | D:2      | Reached XP level 3. HP: 24/24 MP: 3/6
  1531 | D:2      | Reached skill level 5 in Ice Magic
  1870 | D:2      | Learned a level 3 spell: Frozen Ramparts
  1874 | D:2      | Learned a level 3 spell: Ozocubu's Armour
  1921 | D:3      | Reached XP level 4. HP: 30/30 MP: 4/8
  2171 | D:3      | Found a hide-covered altar of Uskayaw.
  2175 | D:3      | Found a sparkling altar of Nemelex Xobeh.
  2450 | D:3      | Reached XP level 5. HP: 31/35 MP: 5/9
  2472 | D:3      | Found an iron altar of Okawaru.
  3276 | D:4      | Reached skill level 6 in Ice Magic
  3276 | D:4      | Reached XP level 6. HP: 41/41 MP: 8/11
  3909 | D:4      | Learned a level 4 spell: Hailstorm
  3937 | D:5      | Entered Level 5 of the Dungeon
  4305 | D:5      | Noticed an ice beast
  4653 | D:5      | Killed an ice beast
  4653 | D:5      | Reached skill level 1 in Conjurations
  4653 | D:5      | Reached XP level 7. HP: 46/46 MP: 10/13
  4863 | D:5      | Found a shattered altar of Ashenzari.
  5037 | D:5      | Found Nilupir's General Store.
  5045 | D:5      | Bought a potion of might for 56 gold pieces
  5045 | D:5      | Bought a scroll of identify for 28 gold pieces
  5292 | D:5      | Learned a level 4 spell: Summon Ice Beast
  5306 | D:5      | Reached skill level 5 in Dodging
  6012 | D:6      | Found a staircase to the Ecumenical Temple.
  6035 | Temple   | Entered the Ecumenical Temple
  6103 | Temple   | Became a worshipper of Sif Muna the Loreminder
  6299 | D:6      | Reached skill level 7 in Ice Magic
  6324 | D:6      | Got a dull robe
  6334 | D:6      | Identified the +2 robe of the Tortoise {rElec} (You found
                  | it on level 6 of the Dungeon)
  6480 | D:6      | Reached skill level 5 in Spellcasting
  6480 | D:6      | Reached XP level 8. HP: 52/52 MP: 11/15
  6854 | D:6      | Found a radiant altar of Vehumet.
  7429 | D:6      | Reached skill level 1 in Polearms
  7543 | D:6      | Reached skill level 1 in Fighting
  7550 | D:6      | Reached skill level 1 in Invocations
  7748 | D:6      | Identified a scroll of acquirement
  7827 | D:7      | HP: 2/54 [wyvern skeleton (11)]
  7908 | D:7      | Reached * piety under Sif Muna
  7908 | D:7      | Noticed Maggie
  7924 | D:6      | Reached skill level 8 in Ice Magic
  7924 | D:6      | Reached XP level 9. HP: 21/61 MP: 13/17
  8230 | D:7      | Found a stormy altar of Qazlal.
  8240 | D:7      | Found an ancient bone altar of Kikubaaqudgha.
  8243 | D:7      | Found a snail-covered altar of Cheibriados.
  8246 | D:7      | Found a sacrificial altar of Ru.
  8389 | D:7      | Found a glowing silver altar of Zin.
  8389 | D:7      | Found a glowing golden altar of the Shining One.
  8389 | D:7      | Found a white marble altar of Elyvilon.
  9163 | D:7      | Found an ornate altar of the Wu Jian Council.
  9240 | D:7      | Killed Maggie
  9660 | D:8      | Reached XP level 10. HP: 49/70 MP: 16/20
  9663 | D:8      | Reached skill level 9 in Ice Magic
  9769 | D:8      | Reached ** piety under Sif Muna
  9865 | D:8      | Reached skill level 5 in Conjurations
 10159 | D:8      | Noticed a tengu warrior
 10160 | D:8      | Noticed a brown ugly thing
 10168 | D:8      | Killed a brown ugly thing
 10168 | D:8      | Reached skill level 5 in Polearms
 10172 | D:8      | Killed a tengu warrior
 10493 | D:8      | Noticed Joseph
 10507 | D:8      | Killed Joseph
 10797 | D:8      | Found a large runed translucent door.
 10797 | D:8      | Found a large runed translucent door.
 10797 | D:8      | Noticed ohados's ghost (novice OpTm)
 11042 | D:8      | Reached *** piety under Sif Muna
 11303 | D:8      | Killed ohados's ghost
 11505 | D:9      | Reached XP level 11. HP: 61/78 MP: 22/22
 11775 | D:9      | Found a staircase to the Orcish Mines.
 11776 | D:9      | Found a transporter.
 11794 | D:9      | Found a transporter.
 11810 | D:9      | Reached skill level 10 in Ice Magic
 12740 | D:10     | Entered Level 10 of the Dungeon
 12857 | D:10     | Reached **** piety under Sif Muna
 13396 | D:10     | Reached skill level 5 in Invocations
 13398 | D:10     | Reached skill level 5 in Fighting
 13980 | D:10     | Noticed a two-headed ogre
 14003 | D:10     | Killed a two-headed ogre
 14217 | D:10     | Found a blossoming altar of Fedhas.
 14360 | D:11     | Reached ***** piety under Sif Muna
 14455 | D:11     | Received a gift from Sif Muna
 14455 | D:11     | Killed an unseen horror
 14480 | D:11     | HP: 3/80 [iguana (15)]
 14481 | D:11     | HP: 1/80 [iguana (2)]
 14871 | D:11     | Noticed a two-headed ogre
 14872 | D:11     | Reached XP level 12. HP: 74/86 MP: 22/24
 14880 | D:11     | Reached skill level 11 in Ice Magic
 14884 | D:11     | Shot with an arrow by a centaur

Illustrated notes

Levels and vault maps discovered:
D:1:      minmay_arrival_wavy_path, layout_loops_ring, minmay_misc_feat_x
D:2:      layout_loops_cross
D:3:      layout_loops_ring, okawaru_altar_gauntlet_db,
          grunt_temple_overflow_open, minivault_23
D:4:      layout_loops_cross, first_ration
D:5:      layout_layer_cave, evilmike_ruin_ashenzari, serial_undead,
          serial_undead_e, serial_undead_f, serial_undead_b, serial_undead_d,
          serial_shops, nicolae_shop_crystal, minivault_19
D:6:      minmay_razor_zed, layout_loops_ring, kennysheep_mini_moat,
          minmay_temple_entry_trees
D:7:      minmay_octagon_keep, layout_loops_cross, good_gods_mini_temple,
          grunt_temple_overflow_cloverleaf, lemuel_coloured_pillars_altar,
          the_bakery, minmay_misc_feat_more_columns, uniq_maggie
D:8:      layout_basic, ebering_ghost_disaster_area, minmay_shattered_shrine,
          uniq_joseph
D:9:      gammafunk_steamed_eel, layout_basic
D:10:     layout_long_grid, fedhas_altar_4
D:11:     layout_gridville, minmay_lair_entry_grove
Temple:   jpeg_temple_island

Skill      XL: |  1  2  3  4  5  6  7  8  9 10 11 12 |
---------------+-------------------------------------+-----
Dodging        | 3 4 5 6 7 9 |  9.0
Ice Magic      | 5 6 7 8 9 10 11 | 11.0
Spellcasting   | 3 4 5 6 7 8 |  8.8
Conjurations   | 1 2 3 4 5 6 |  6.8
Polearms       | 2 4 5 7 |  7.3
Fighting       | 1 3 4 5 |  5.7
Invocations    | 1 3 4 5 |  5.6
Stealth        | |  2.1

Action                   |  1- 3 |  4- 6 |  7- 9 | 10-12 || total
-------------------------+-------+-------+-------+-------++-------
Melee: Club              |     3 |       |       |       ||     3
       Unarmed           |     1 |       |       |       ||     1
       Spear             |    12 |   124 |   100 |       ||   236
       Short sword       |       |       |    46 |       ||    46
       Demon trident     |       |       |    64 |   408 ||   472
       Staff             |       |       |       |     1 ||     1
Throw: Dart              |       |       |     3 |     7 ||    10
 Cast: Freeze            |    45 |    38 |    76 |    31 ||   190
       Frozen Ramparts   |     1 |     6 |    18 |    22 ||    47
       Ozocubu's Armour  |       |     2 |     8 |     8 ||    18
       Hailstorm         |       |       |     2 |    16 ||    18
       Summon Ice Beast  |       |       |       |     7 ||     7
Evoke: Wand              |       |       |       |     1 ||     1
  Use: Potion            |       |     2 |     1 |     1 ||     4
       Scroll            |       |       |    16 |     8 ||    24
 Stab: Sleeping          |     2 |     4 |     5 |     6 ||    17
       Distracted        |       |       |     1 |     1 ||     2
       Invisible         |       |       |       |     1 ||     1
  Eat: Chunk             |     4 |     7 |    13 |    20 ||    44
       Ration            |       |       |     2 |       ||     2
Armor: Robe              |     7 |    37 |    59 |    97 ||   200
Dodge: Dodged            |    25 |   101 |   216 |   336 ||   678

Table legend:
 A = Non-vault XP
 B = Vault XP
 C = Vault XP percentage of total XP
 D = Non-vault monster count
 E = Vault monster count
 F = Vault count percentage of total count
                 A         B        C        D         E       F
            +---------+---------+-------+---------+---------+-------
      Total |   13945 |    5367 |  27.8 |     263 |      48 |  15.4
            +---------+---------+-------+---------+---------+-------
        D:1 |      30 |       0 |   0.0 |      14 |       0 |   0.0
        D:2 |      50 |       0 |   0.0 |      14 |       0 |   0.0
        D:3 |      87 |      23 |  20.9 |      19 |       6 |  24.0
        D:4 |     228 |       0 |   0.0 |      10 |       0 |   0.0
        D:5 |     355 |      70 |  16.5 |      10 |       5 |  33.3
        D:6 |     976 |     485 |  33.2 |      19 |       8 |  29.6
        D:7 |     613 |    1601 |  72.3 |      23 |      14 |  37.8
        D:8 |    1767 |    2744 |  60.8 |      38 |      10 |  20.8
        D:9 |     969 |     165 |  14.6 |      25 |       3 |  10.7
       D:10 |    5163 |       0 |   0.0 |      58 |       0 |   0.0
       D:11 |    3707 |     279 |   7.0 |      33 |       2 |   5.7
            +---------+---------+-------+---------+---------+-------
